 Dungeon Sprint DCSS version 0.17-a0-1103-ga40c899 (webtiles) character file.

1088 Lektor the Fetichist (level 8, -2/66 HPs)
             Began as a Deep Dwarf Artificer on May 21, 2015.
             Was a High Priest of Makhleb.
             Slain by a hill giant (3 damage)
             ... in the Dungeon (Sprint VII: "The Pits").
             The game lasted 00:14:54 (888 turns).

Lektor the Fetichist (Deep Dwarf Artificer)          Turns: 888, Time: 00:14:56

Health: -2/66      AC: 11    Str: 15    XL:     8   Next: 9%
Magic:  19/19      EV:  2    Int: 15    God:    Makhleb [*****.]
Gold:   0          SH:  0    Dex: 13    Spells: 0 memorised, 7 levels left

rFire  . . .     SeeInvis .     x - +2 whip (pain)
rCold  . . .     Clarity  .     A - +3 chain mail
rNeg   + + +     SustAb   .     (no shield)
rPois  ∞         Gourm    .     (no helmet)
rElec  .         Spirit   .     (no cloak)
rCorr  .         Warding  .     (no gloves)
rMut   .         NoTele   +     (no boots)
MR     +....                    (no amulet)
Stlth  ..........               (no ring)
                                (no ring)

@: petrified, non-regenerating, somewhat resistant to hostile enchantments,
extremely unstealthy
A: damage resistance, recharge devices, sense surroundings 1, slow healing 3
a: Device Recharging, Minor Destruction, Lesser Servant of Makhleb, Major
Destruction, Greater Servant of Makhleb, Renounce Religion


You were in the Dungeon.
You worshipped Makhleb.
Makhleb was extremely pleased with you.
You were not hungry.

You visited 1 branch

Inventory:

Hand weapons
 a - a +0 short sword
 v - a +2 quarterstaff
 x - a +2 whip of pain (weapon)
 y - a +1 quarterstaff of protection
Missiles
 n - 12 stones
 w - 4 tomahawks (quivered)
Armour
 e - a +0 leather armour
 A - a +3 chain mail (worn)
Magical staves
 u - an uncursed staff of energy
Magical devices
 b - a wand of flame (7)
 c - a wand of enslavement (8)
 d - a wand of random effects (2)
 f - a wand of heal wounds (1)
Scrolls
 q - 2 scrolls of remove curse
 r - 5 scrolls of amnesia
 t - 2 scrolls of vulnerability
Potions
 h - 6 potions of curing
 i - 6 potions of heal wounds
 j - a potion of haste
 k - 4 potions of magic
 l - 3 potions of berserk rage
 p - 2 potions of invisibility
Comestibles
 g - 8 bread rations
 m - 40 fruits
 o - 7 meat rations


   Skills:
 - Level 1.6 Fighting
 - Level 1.2 Short Blades
 - Level 1.1 Maces & Flails
 - Level 1.9 Armour
 - Level 5.4 Dodging
 - Level 1.4 Stealth
 + Level 14.4 Invocations
 + Level 15.3 Evocations


You had 7 spell levels left.
You didn't know any spells.

Dungeon Overview and Level Annotations

Branches:
Dungeon (1/1)

Altars:
Ashenzari
Cheibriados
Dithmenos
Elyvilon
Fedhas
Gozag
Kikubaaqudgha
Makhleb
Nemelex Xobeh
Okawaru
Qazlal
Ru
Sif Muna
Trog
Vehumet
Xom
Yredelemnul
Zin
The Shining One
Beogh
Jiyva
Lugonu


Innate Abilities, Weirdness & Mutations

You are resistant to damage.
You can recharge devices by infusing magical energy.
You passively map a small area around you.
You do not heal naturally.


Message History

You are engulfed in calcifying dust.
You are slowing down.
You are engulfed in calcifying dust.
Your limbs have turned to stone.
You have turned to stone.
You are engulfed in calcifying dust. x2
The hill giant shouts!
You are engulfed in calcifying dust.
The hill giant hits you!!
* * * LOW HITPOINT WARNING * * *
You are engulfed in calcifying dust.
The catoblepas gores you!!
* * * LOW HITPOINT WARNING * * *
The hill giant completely misses you. The catoblepas barely misses you.
The hill giant hits you.
* * * LOW HITPOINT WARNING * * *
The catoblepas breathes a plume of calcifying dust at you.
The blast of calcifying dust hits you!
* * * LOW HITPOINT WARNING * * *
The blast of calcifying dust hits the hill giant.
The hill giant is engulfed in calcifying dust.
The hill giant is moving more slowly.
The hill giant hits you!
You die...

#__________#
#__________#*
#.#####'##########
#_#).)'.'..##.....
#_#)))#.#..##.....
#######'#####.....
#§..........'.....
#C#####'#####.....
#@#..#).#..##.....
#Y#.)†).#))#####'#
#.#..####).##.....
#.#..#..#))##.....
#.#..#..#.[##.....
#.##'#..#'###...<.
#.#..).....##.....
#)#........##.....
#'###########.....


You could see a catoblepas and a hill giant (petrifying).

Vanquished Creatures
  A death yak (D)
  A jelly (D)
  An orc priest (D)
  An orc wizard (D)
  A worker ant (D)
  A river rat (D)
  A gnoll (D)
  A giant eyeball (D)
  An ooze (D)
  A giant gecko (D)
  3 orcs (D)
  A bat zombie (D)
  A ball python (D)
  A giant newt (D)
  A rat (D)
17 creatures vanquished.

Vanquished Creatures (collateral kills)
  A spiny frog (D)
  Purgy (D)
  A neqoxec (D)
  A necrophage (D)
  A crimson imp (D)
  2 shadow imps (D)
  An orc (D)
  A hobgoblin (D)
  A kobold (D)
  A giant gecko skeleton (D)
  A rat (D)
12 creatures vanquished.

Vanquished Creatures (others)
  A smoke demon (D)
  Prince Ribbit (D)
  A hungry ghost (D)
  Duvessa (D)
  An orc warrior (D)
  A worm (D)
6 creatures vanquished.

Grand Total: 35 creatures vanquished

Notes
Turn   | Place    | Note
--------------------------------------------------------------
     0 | D        | Lektor the Deep Dwarf Artificer began the quest for the Orb.
     0 | D        | Reached XP level 1. HP: 16/16 MP: 3/3
    33 | D        | Noticed a spiny frog
    33 | D        | Noticed a deep troll
    46 | D        | Reached skill level 1 in Fighting
    49 | D        | Killed a spiny frog
    49 | D        | Reached skill level 1 in Short Blades
    49 | D        | Reached skill level 5 in Dodging
    49 | D        | Reached skill level 12 in Evocations
    49 | D        | Reached XP level 2. HP: 21/26 MP: 3/9
    49 | D        | Reached XP level 3. HP: 25/32 MP: 3/10
    49 | D        | Reached XP level 4. HP: 30/39 MP: 3/12
    49 | D        | Reached XP level 5. HP: 34/45 MP: 3/13
    69 | D        | Noticed a hill giant
    69 | D        | a deep troll changed into a hill giant
   211 | D        | Found a sacrificial altar of Ru.
   211 | D        | Found a basalt altar of Yredelemnul.
   211 | D        | Found a glowing golden altar of the Shining One.
   211 | D        | Found a deep blue altar of Sif Muna.
   211 | D        | Found a burning altar of Makhleb.
   211 | D        | Found an ancient bone altar of Kikubaaqudgha.
   211 | D        | Found a glowing silver altar of Zin.
   212 | D        | Found a shadowy altar of Dithmenos.
   212 | D        | Found a bloodstained altar of Trog.
   212 | D        | Found a shattered altar of Ashenzari.
   212 | D        | Found a white marble altar of Elyvilon.
   212 | D        | Found a snail-covered altar of Cheibriados.
   212 | D        | Found a blossoming altar of Fedhas.
   212 | D        | Found a radiant altar of Vehumet.
   212 | D        | Found a shimmering altar of Xom.
   212 | D        | Found a sparkling altar of Nemelex Xobeh.
   212 | D        | Found a corrupted altar of Lugonu.
   212 | D        | Found a viscous altar of Jiyva.
   212 | D        | Found a roughly hewn altar of Beogh.
   212 | D        | Found an iron altar of Okawaru.
   218 | D        | Found a stormy altar of Qazlal.
   218 | D        | Found an opulent altar of Gozag.
   236 | D        | Became a worshipper of Makhleb the Destroyer
   259 | D        | Noticed a hungry ghost
   259 | D        | Noticed an orc warrior
   282 | D        | a hungry ghost (ally) was killed
   282 | D        | Reached skill level 13 in Evocations
   286 | D        | Acquired Makhleb's first power
   292 | D        | Noticed a worker ant
   323 | D        | Killed a worker ant
   323 | D        | Acquired Makhleb's second power
   328 | D        | Paralysed by a giant eyeball for 2 turns
   331 | D        | Reached skill level 14 in Evocations
   442 | D        | Acquired Makhleb's third power
   500 | D        | Noticed an orc priest
   501 | D        | Noticed an orc wizard
   510 | D        | Acquired Makhleb's fourth power
   515 | D        | Killed an orc priest
   515 | D        | Reached skill level 1 in Armour
   515 | D        | Reached XP level 6. HP: 48/52 MP: 16/16
   530 | D        | Killed an orc wizard
   530 | D        | Reached skill level 1 in Maces & Flails
   608 | D        | Acquired Makhleb's fifth power
   615 | D        | Noticed a jelly
   615 | D        | Noticed a neqoxec
   628 | D        | Reached skill level 1 in Invocations
   629 | D        | Killed a jelly
   633 | D        | Killed a neqoxec
   672 | D        | Noticed a death yak
   683 | D        | an orc warrior (ally) was killed
   689 | D        | Killed a death yak
   689 | D        | Reached XP level 7. HP: 58/58 MP: 17/17
   798 | D        | Noticed Purgy
   798 | D        | Noticed Prince Ribbit
   798 | D        | Noticed Duvessa
   812 | D        | Duvessa (ally) was killed
   812 | D        | Your ally died
   818 | D        | Prince Ribbit (ally) was killed
   818 | D        | Your ally died
   818 | D        | Reached skill level 15 in Evocations
   825 | D        | Killed Purgy
   825 | D        | Reached XP level 8. HP: 43/66 MP: 19/19
   834 | D        | Noticed a necrophage
   834 | D        | Noticed a deep troll
   834 | D        | Noticed a catoblepas
   854 | D        | Killed a necrophage
   887 | D        | HP: 3/66 [hill giant (1)]
   888 | D        | HP: 1/66 [catoblepas/blast of calcifying dust (2)]
   888 | D        | Slain by a hill giant

Vault maps used:
D:        pitsprint

Action                   |  1- 3 |  4- 6 |  7- 9 || total
-------------------------+-------+-------+-------++-------
Melee: Whip              |       |    90 |     3 ||    93
       Short sword       |       |     3 |       ||     3
       Staff             |       |     2 |       ||     2
Throw: Stone             |       |     1 |       ||     1
       Tomahawk          |       |     1 |       ||     1
Invok: Minor Destruction |       |     3 |     1 ||     4
       Lesser Servant of |       |     1 |     1 ||     2
Evoke: Wand              |     1 |    24 |     7 ||    32
  Use: Scroll            |       |     3 |       ||     3
 Stab: Sleeping          |       |     1 |       ||     1
